Map: Catallena LE (Void)

Players

Juxtapose - Winner!

  • Race: Terran Terran
  • League: Gold
  • Spawn Location: 12:00

abdoo

  • Race: Protoss Protoss
  • Spawn Location: 9:00

VOD

https://youtu.be/8kyuvsNrge8

Description

I suspect my opponent was either playing Unranked or doing a placement match, as he seemed quite new.

Having said that, we all start out learning in those early matches, and he did a decent job.

Time

  • Played on: Sept. 9, 2017, 6:22 p.m.
  • Length: 8:41
Show
View Real Time Build Order
Export as new Build Order

Juxtapose Terran - Winner!

Build Orders: MMM Bio 

Get SALT Encoding   

  12  0:01  SCV  
  13  0:13  SCV  
  14  0:22  Supply Depot  
  14  0:25  SCV  
  15  0:32  Refinery  
  15  0:43  SCV  
  15  0:47  Barracks  
  16  0:55  Supply Depot  
  16  1:00  SCV  
  17  1:12  SCV  
  18  1:22  Refinery  
  18  1:24  SCV  
  19  1:36  Orbital Command  
  19  1:46  Reaper  
  20  1:58  Engineering Bay  
  20  2:06  Barracks, SCV  
  21  2:42  Missile Turret, Barracks Reactor  
  21  2:43  SCV  
  22  2:52  Factory  
  22  2:55  SCV  
  23  3:07  SCV  
  24  3:16  Marine  
  24  3:19  SCV  
  26  3:34  Marine x2  
  26  3:35  Marine  
  29  3:42  Command Center  
  29  3:49  Terran Infantry Weapons Level 1  
  29  4:00  Barracks Tech Lab  
  29  4:02  Factory Reactor  
  29  4:19  Armory  
  29  4:21  Stimpack  
  29  4:22  Marine  
  30  4:31  Marine  
  31  4:41  Supply Depot  
  31  4:53  Marine x2  
  33  5:06  Supply Depot  
  33  5:23  Cyclone x2  
  39  5:32  Supply Depot  
  39  5:37  SCV  
  40  5:44  Terran Infantry Armor Level 1  
  40  5:45  Missile Turret  
  40  5:46  Marine x3  
  43  5:55  Cyclone  
  43  5:56  Cyclone  
  49  6:04  Marine  
  49  6:05  Orbital Command  
  49  6:08  SCV  
  51  6:16  Supply Depot  
  51  6:20  SCV  
  51  6:22  Combat Shields  
  51  6:23  Starport, Marine  
  51  6:24  Marine x2  
  55  6:38  Supply Depot, SCV x2  
  57  6:41  Marine x2  
  57  6:42  Marine  
  60  6:50  SCV x2  
  62  6:59  Marine x2  
  62  7:00  Marine  
  65  7:12  Starport Tech Lab  
  65  7:17  Cyclone x2, Marine x2  
  69  7:43  Marauder, Marine x2  
  72  7:49  Cyclone x2  
  77  7:52  SCV x2  
  79  8:00  Refinery  
  79  8:03  Refinery  
  79  8:04  Medivac  
  81  8:23  SCV  
Show
View Real Time Build Order
Export as new Build Order

abdoo Protoss 

Build Orders:  

Get SALT Encoding   

  12  0:36  Pylon  
  12  0:59  Forge  
  12  1:04  Gateway  
  12  1:12  Pylon  
  12  1:27  Assimilator  
  12  1:31  Probe (Chrono Boost)  
  13  1:41  Probe (Chrono Boost)  
  14  1:52  Probe (Chrono Boost)  
  15  1:55  Zealot  
  17  2:15  Photon Cannon  
  17  2:22  Zealot  
  19  2:49  Zealot  
  19  3:16  Zealot  
  20  3:43  Zealot  
  22  3:55  Pylon  
  22  4:07  Photon Cannon  
  22  4:10  Zealot  
  22  4:16  Pylon  
  24  4:37  Zealot  
  26  4:42  Protoss Ground Weapons Level 1  
  26  4:43  Cybernetics Core  
  23  5:29  Probe (Chrono Boost)  
  24  5:40  Mothership Core (Chrono Boost)  
  26  5:58  Probe (Chrono Boost)  
  26  6:00  Adept  
  29  6:08  Probe (Chrono Boost)  
  30  6:19  Probe (Chrono Boost)  
  30  6:23  Photon Cannon  
  31  6:27  Adept  
  31  6:30  Probe (Chrono Boost)  
  34  6:54  Adept  
  36  7:13  Photon Cannon  
  36  7:21  Adept  
  38  7:23  Probe (Chrono Boost)  
  38  7:26  Pylon  
  37  7:34  Probe (Chrono Boost)  
  18  7:45  Probe (Chrono Boost)  
  21  7:55  Probe (Chrono Boost)  
  3  8:06  Probe (Chrono Boost)  
Tags
 
Composition
MMM Bio
League
Gold
Matchup
PvT
Spawn Locations
Close Positions
Add a new tag
Caveats
  • Supply blocks, unpowered buildings, or Contaminate may cause inaccurate times.
  • Supply counts are checked every 10 seconds.